 Dungeon Crawl Stone Soup version 0.28-a0-1241-gf280a0fbb2 (webtiles) character file.

Game seed: 3404906321596008296

199 Gargoyl the Skirmisher (level 5, -2/47 HPs)
             Began as a Gnoll Abyssal Knight on Dec 26, 2021.
             Was a Believer of Lugonu.
             Slain by a gnoll (7 damage)
             ... on level 4 of the Dungeon.
             The game lasted 00:03:44 (3880 turns).

Gargoyl the Skirmisher (Gnoll Abyssal Knight)       Turns: 3880, Time: 00:03:44

Health: -2/47      AC: 13    Str: 15    XL:     5   Next: 77%
Magic:  8/8        EV:  7    Int:  9    God:    Lugonu [**....]
Gold:   116        SH:  0    Dex: 12    Spells: 7/7 levels left

rFire   + . .      SeeInvis .   a - +1 hand axe
rCold   . . .      Faith    .   (no shield)
rNeg    . . .      Spirit   .   e - +2 chain mail {rF+}
rPois   .          Reflect  .   (no helmet)
rElec   .          Harm     .   (no cloak)
rCorr   .          Rampage  .   (no gloves)
Will    .....                   c - +1 pair of boots
Stlth   ..........              (no amulet)
HPRegen 0.15/turn               (no ring)
MPRegen 0.11/turn               (no ring)

@: no status effects
A: fangs 1, strong nose, distributed training
a: Renounce Religion, Depart the Abyss, Bend Space


You were on level 4 of the Dungeon.
You worshipped Lugonu.
Lugonu was pleased with you.
You visited 1 branch of the dungeon, and saw 4 of its levels.
You visited the Abyss 1 time.

You collected 116 gold pieces.

Inventory:

Hand Weapons
 a - a +1 hand axe (weapon)
Missiles
 b - 9 poisoned darts (quivered)
Armour
 c - a +1 pair of boots (worn)
 e - a +2 chain mail of fire resistance (worn)
Potions
 d - 2 potions of curing {unknown}
 f - a potion of heal wounds {unknown}


   Skills:
 + Level 6.7 Fighting
 + Level 1.6 Short Blades
 + Level 1.6 Long Blades
 + Level 4.8 Axes
 + Level 1.6 Maces & Flails
 + Level 1.6 Polearms
 + Level 1.6 Staves
 + Level 1.6 Slings
 + Level 1.6 Bows
 + Level 1.6 Crossbows
 + Level 1.6 Throwing
 + Level 4.8 Armour
 + Level 3.0 Dodging
 + Level 1.6 Stealth
 + Level 1.6 Shields
 + Level 1.6 Unarmed Combat
 + Level 1.6 Spellcasting
 + Level 1.3 Conjurations
 + Level 1.3 Hexes
 + Level 1.3 Summonings
 + Level 1.3 Necromancy
 + Level 1.3 Translocations
 + Level 1.3 Transmutations
 + Level 1.3 Fire Magic
 + Level 1.3 Ice Magic
 + Level 1.3 Air Magic
 + Level 1.3 Earth Magic
 + Level 1.3 Poison Magic
 + Level 4.9 Invocations
 + Level 1.6 Evocations


You had 7 spell levels left.
You didn't know any spells.
Your spell library was empty.

Dungeon Overview and Level Annotations

Branches:
Dungeon (4/15)
 Temple: D:4-7

Altars:


Innate Abilities, Weirdness & Mutations

You have very sharp teeth.
Your uncanny sense of smell can sniff out nearby items.
Your experience applies equally to all skills.


Message History

The gnoll hits you with a +0 club.
* * * LOW HITPOINT WARNING * * *
The gnoll hits you but does no damage.
You hit the gnoll.
The gnoll is heavily wounded.
The gnoll hits you but does no damage.
You hit the gnoll.
The gnoll is almost dead.
You are no longer glowing.
The gnoll hits you with a +0 club.
* * * LOW HITPOINT WARNING * * *
The gnoll hits you but does no damage.
Throw: 12 darts (poison)
Press: ? - help, Q - select action, (/) - cycle Shift-Dir - straight line, f - gnoll
Aim: a gnoll, wielding a +0 club (almost dead, fast, 64% to hit)
You throw a poisoned dart. The poisoned dart hits the gnoll.
The gnoll is poisoned.
The gnoll is almost dead.
The gnoll hits you but does no damage.
Throw: 11 darts (poison)
Press: ? - help, Q - select action, (/) - cycle Shift-Dir - straight line, f/p - gnoll
Aim: a gnoll, wielding a +0 club (almost dead, fast, poisoned, 61% to hit)
You throw a poisoned dart. The poisoned dart hits the gnoll.
The gnoll looks even sicker.
The gnoll is almost dead.
You kill the gnoll!
Lugonu accepts your kill.
Throw: 10 darts (poison)
Press: ? - help, Q - select action, (/) - cycle Shift-Dir - straight line, f - gnoll
Aim: a gnoll, wielding a +0 flail (63% to hit)
You throw a poisoned dart. The poisoned dart hits the gnoll.
The gnoll is poisoned.
The gnoll hits you but does no damage.
You hit the gnoll.
The gnoll is heavily wounded.
The gnoll barely misses you.
You closely miss the gnoll.
The gnoll is heavily wounded.
The gnoll hits you with a +0 flail!
You die...

.. ...# #.####...#
.........#
#........#
#g.#.....#######
#..g.#'##......#
#..g.#.##......#
...#)#.##......###
...#.#.##......+@#
.. #...##......#g#
.. ##..##....[.#)#
. #...)..#####)#
...###.##........#
........'...gg...#
...###..#........#
#...>#........#
#.#.######...(#


You could see a gnoll (poisoned).

Vanquished Creatures
  A gnoll shaman (D:4)
  An iguana (D:4)
  An orc wizard (D:3)
  3 gnolls (D:4)
  An adder (D:2)
  8 orcs
  11 bats
  7 endoplasms
  5 goblins
  8 hobgoblins
  2 jackals (D:3)
  4 kobolds
  A quokka (D:1)
  8 ball pythons
  3 frilled lizards
  10 rats
74 creatures vanquished.

Notes
Turn   | Place    | Note
-------+----------+-------------------------------------------
     0 | Abyss:1  | Gargoyl the Gnoll Abyssal Knight began the quest for the
                  | Orb.
     0 | Abyss:1  | Reached XP level 1. HP: 23/23 MP: 3/3
    74 | Abyss:1  | Found a corrupted altar of Lugonu.
   185 | Abyss:1  | Noticed a lich
   186 | D:1      | Escaped the Abyss
   374 | D:1      | Reached * piety under Lugonu
   440 | D:1      | Reached XP level 2. HP: 29/29 MP: 5/5
  1430 | D:2      | Reached XP level 3. HP: 33/35 MP: 6/6
  2339 | D:3      | Reached skill level 1 in Short Blades
  2339 | D:3      | Reached skill level 1 in Long Blades
  2339 | D:3      | Reached skill level 1 in Maces & Flails
  2339 | D:3      | Reached skill level 1 in Polearms
  2339 | D:3      | Reached skill level 1 in Staves
  2339 | D:3      | Reached skill level 1 in Slings
  2339 | D:3      | Reached skill level 1 in Bows
  2339 | D:3      | Reached skill level 1 in Crossbows
  2339 | D:3      | Reached skill level 1 in Throwing
  2339 | D:3      | Reached skill level 1 in Stealth
  2339 | D:3      | Reached skill level 1 in Shields
  2339 | D:3      | Reached skill level 1 in Unarmed Combat
  2339 | D:3      | Reached skill level 1 in Spellcasting
  2339 | D:3      | Reached skill level 1 in Evocations
  2358 | D:3      | Reached ** piety under Lugonu
  2359 | D:3      | Reached XP level 4. HP: 9/41 MP: 7/7
  2829 | D:3      | Reached skill level 1 in Conjurations
  2829 | D:3      | Reached skill level 1 in Hexes
  2829 | D:3      | Reached skill level 1 in Summonings
  2829 | D:3      | Reached skill level 1 in Necromancy
  2829 | D:3      | Reached skill level 1 in Translocations
  2829 | D:3      | Reached skill level 1 in Transmutations
  2829 | D:3      | Reached skill level 1 in Fire Magic
  2829 | D:3      | Reached skill level 1 in Ice Magic
  2829 | D:3      | Reached skill level 1 in Air Magic
  2829 | D:3      | Reached skill level 1 in Earth Magic
  2829 | D:3      | Reached skill level 1 in Poison Magic
  3485 | D:3      | Found a faded altar of an unknown god.
  3575 | D:4      | Reached XP level 5. HP: 17/47 MP: 8/8
  3880 | D:4      | Slain by a gnoll

Illustrated notes

Levels and vault maps discovered:
D:1:      dpeg_arrival_shrine, layout_loops_corners
D:2:      layout_basic, minmay_crystal_room
D:3:      layout_loops_ring, shapermc_ecumenical_altar_petra
D:4:      layout_basic, hangedman_abyss_or_decor_passed, uniq_ijyb

Skill      XL: |  1  2  3  4  5 |
---------------+----------------+-----
Short Blades   | 1 |  1.6
Long Blades    | 1 |  1.6
Maces & Flails | 1 |  1.6
Polearms       | 1 |  1.6
Staves         | 1 |  1.6
Slings         | 1 |  1.6
Bows           | 1 |  1.6
Crossbows      | 1 |  1.6
Throwing       | 1 |  1.6
Stealth        | 1 |  1.6
Shields        | 1 |  1.6
Unarmed Combat | 1 |  1.6
Spellcasting   | 1 |  1.6
Evocations     | 1 |  1.6
Conjurations   | 1 |  1.3
Hexes          | 1 |  1.3
Summonings     | 1 |  1.3
Necromancy     | 1 |  1.3
Translocations | 1 |  1.3
Transmutations | 1 |  1.3
Fire Magic     | 1 |  1.3
Ice Magic      | 1 |  1.3
Air Magic      | 1 |  1.3
Earth Magic    | 1 |  1.3
Poison Magic   | 1 |  1.3
Dodging        | 3 |  3.0
Fighting       | |  6.7
Axes           | |  4.8
Armour         | |  4.8
Invocations    | |  4.9

Action                   |  1- 3 |  4- 6 || total
-------------------------+-------+-------++-------
Melee: Hand axe          |   122 |   111 ||   233
       Bite              |     9 |    12 ||    21
       Punch             |       |     1 ||     1
Throw: Dart              |     5 |     9 ||    14
Invok: Depart the Abyss  |     1 |       ||     1
  Use: Scroll            |     2 |       ||     2
       Potion            |     1 |       ||     1
 Stab: Sleeping          |     2 |       ||     2
Armor: Leather armour    |    39 |       ||    39
       Chain mail        |    44 |   102 ||   146
       Skin              |       |     1 ||     1
Dodge: Dodged            |    77 |    69 ||   146

Table legend: (Time is in decaauts)
 A = Elapsed time spent in this place.
 B = Non-inter-level travel time spent in this place.
 C = Inter-level travel time spent in this place.
 D = Time resting spent in this place.
 E = Time spent auto-exploring this place.
 F = Levels seen in this place.
 G = Mean time per level.
                   A        B        C        D        E       F      G
               +--------+--------+--------+--------+--------+-----+--------+
         Total |   3896 |   3884 |     12 |    264 |   2823 |   5 |  779.2 |
       Dungeon |   3710 |   3698 |     12 |    264 |   2670 |   4 |  927.5 |
         Abyss |    186 |    186 |      0 |      0 |    153 |   1 |  186.0 |
               +--------+--------+--------+--------+--------+-----+--------+

Top non-repeatable levels by time:
     D:3: 1267 daAuts
     D:1: 1075 daAuts
     D:2: 1006 daAuts
     D:4: 361 daAuts
 Abyss:1: 186 daAuts
